 Dungeon Crawl Stone Soup version 0.27.0-65-ge2af304b15 (webtiles) character file.

Game seed: 7713051907522163149

1614 shadowrider38 the Thaumaturge (level 8, -9/41 HPs)
             Began as a Deep Elf Conjurer on Aug 18, 2021.
             Was an Initiate of Vehumet.
             Mangled by a yak (14 damage)
             ... on level 5 of the Dungeon.
             The game lasted 00:39:26 (8505 turns).

shadowrider38 the Thaumaturge (Deep Elf Conjurer)   Turns: 8505, Time: 00:39:27

Health: -9/41      AC:  4    Str: 10    XL:     8   Next: 64%
Magic:  9/22       EV: 12    Int: 26    God:    Vehumet [......]
Gold:   176        SH:  0    Dex: 13    Spells: 2/24 levels left

rFire    . . .     SeeInvis .   a - +2 dagger (protect)
rCold    + . .     Faith    .   (no shield)
rNeg     + . .     Spirit   .   d - +0 robe
rPois    .         Reflect  .   p - +0 helmet
rElec    .         Harm     .   (no cloak)
rCorr    .         Rampage  .   (no gloves)
Will     +....                  I - +0 pair of boots
Stlth    ++........             j - amulet of magic regeneration
HPRegen  0.13/turn              J - ring of wizardry
MPRegen  0.43/turn              A - ring "Aggushrae" {rC+ rN+ Will+ Str+6}

@: very slightly contaminated
A: no striking features
a: Renounce Religion


You were on level 5 of the Dungeon.
You worshipped Vehumet.
Vehumet was noncommittal.
You visited 2 branches of the dungeon, and saw 7 of its levels.
You also visited: Sewer.

You collected 176 gold pieces.

Inventory:

Hand Weapons
 a - a +2 dagger of protection (weapon)
 r - a +1 short sword of flaming
 E - a +0 hand axe of venom
Missiles
 e - 321 stones
 s - a curare-tipped dart
 t - 61 poisoned darts
 L - 2 throwing nets
 N - 4 boomerangs
Armour
 d - a +0 robe (worn)
 p - a +0 helmet (worn)
 I - a +0 pair of boots (worn)
 M - a +2 chain mail of fire resistance
Jewellery
 c - an amulet of the acrobat
 j - an amulet of magic regeneration (around neck)
 q - a ring of protection from fire
 v - a ring of poison resistance
 A - the ring "Aggushrae" (right hand) {rC+ rN+ Will+ Str+6}
   (You acquired it on level 4 of the Dungeon)

   [ring of strength]

   Str:       It affects your strength (+6).
   rC:        It protects you from cold.
   rN:        It protects you from negative energy.
   Will:      It increases your willpower.
 F - a +4 ring of evasion
 J - a ring of wizardry (left hand)
Wands
 w - a wand of paralysis (9)
 B - a wand of flame (21)
Scrolls
 f - 2 scrolls of amnesia
 h - 2 scrolls of identify {unknown}
 l - 2 scrolls of brand weapon
 m - a scroll of magic mapping
 n - a scroll of noise
 x - a scroll of blinking
 y - a scroll of immolation {unknown}
 z - a scroll of teleportation
 C - a scroll of fog {unknown}
 D - a scroll of enchant armour {unknown}
 G - 2 scrolls of vulnerability
Potions
 b - a potion of ambrosia {unknown}
 g - 4 potions of curing
 i - 2 potions of heal wounds
 k - 4 potions of flight
 o - 3 potions of degeneration {unknown}
 u - 2 potions of lignification {unknown}
 H - 2 potions of haste {unknown}
 K - a potion of brilliance {unknown}


   Skills:
 - Level 2.4 Dodging
 - Level 2.4 Stealth
 - Level 8.8 Spellcasting
 - Level 8.2 Conjurations
 + Level 6.7 Earth Magic


You had 2 spell levels left.
You knew the following spells:

 Your Spells              Type           Power      Damage    Failure   Level
a - Magic Dart            Conj           100%       1d8       1%          1
b - Iskenderun's Mystic   Conj/Tloc      33%        2d8       4%          4
c - Fulminant Prism       Conj/Hex       16%        3d11      4%          4
d - Slow                  Hex            11%        N/A       3%          2
e - Vampiric Draining     Necr           5%         2d6       6%          3
f - Bolt of Magma         Conj/Fire/Erth 18%        4d10      8%          5
g - Stone Arrow           Conj/Erth      100%       3d13      1%          3

Your spell library contained the following spells:

 Spells                   Type           Power      Damage    Failure   Level
 Foxfire                  Conj/Fire      100%       2x1d9     1%          1
 Searing Ray              Conj           100%       3d7       1%          2
 Conjure Flame            Conj/Fire      33%        6-21      1%          3
 Dazzling Flash           Conj/Hex       66%        N/A       1%          3
 Sticky Flame             Conj/Fire      33%        2d5       4%          4
 Confusing Touch          Hex            11%        N/A       6%          3
 Ignite Poison            Fire/Tmut/Pois 11%        N/A       6%          3
 Inner Flame              Hex/Fire       11%        N/A       6%          3
 Shatter                  Erth           23%        3d20*     100%        9


Dungeon Overview and Level Annotations

Branches:
Dungeon (6/15)             Temple (1/1) D:5           Sewer (visited)

Altars:
Ashenzari
Dithmenos
Fedhas
Kikubaaqudgha
Makhleb
Nemelex Xobeh
Okawaru
Ru
Sif Muna
Trog
Uskayaw
Vehumet
Wu Jian
Xom
Yredelemnul
The Shining One

Shops:
D:1 (


Message History

Aim: a yak (almost dead, 85% to hit)
The stone arrow hits the yak!!
You kill the yak!
Vehumet accepts your kill.
Your Earth Magic skill increases to level 6!
You start resting.
Magic restored.
You start resting.
HP restored.
There is a stone staircase leading down here.
You climb downwards.
The yak closely misses you.
There is a stone staircase leading up, spattered with blood here.
Casting: Stone Arrow (safe; 1% risk of failure)
Confirm with . or Enter, or press ? or * to list all spells.
You miscast Iskenderun's Mystic Blast.
You are very lightly contaminated with residual magic.
Nothing appears to happen.
The yak gores you.
Casting: Iskenderun's Mystic Blast (dangerous; 4% risk of failure)
Confirm with . or Enter, or press ? or * to list all spells.
You erupt in a blast of force!
The mystic blast hits the yak!
The yak is moderately wounded.
The yak completely misses you.
The kobold shoots a bolt.
The bolt closely misses you.
Casting: Iskenderun's Mystic Blast (dangerous; 4% risk of failure)
Confirm with . or Enter, or press ? or * to list all spells.
You erupt in a blast of force!
The mystic blast hits the yak!
The yak is heavily wounded.
The yak gores you.
The kobold shoots a bolt.
The bolt hits you! The yak gores you!
* * * LOW HITPOINT WARNING * * *
The kobold shoots a bolt.
The bolt hits you!
* * * LOW HITPOINT WARNING * * *
You climb upwards.
There is a stone staircase leading down here.
Casting: Iskenderun's Mystic Blast (dangerous; 4% risk of failure)
Confirm with . or Enter, or press ? or * to list all spells.
You erupt in a blast of force!
The mystic blast hits the yak.
The yak is severely wounded.
The yak gores you!
You die...

####..........###.#####.
######.....#######...###..#
###.##.........### #.#.##.###
#####...>...#........###.#..##..#
#....##...######..>..........###.
........### #.........#...##..#
#.#..#..# ####..##.....##..#.###
####.#..####....####........##..#
##...##.....Y@............###.
##...#...(.(..............#..#
#........#...............##...
#.......###..##..##......##...
##........#.##..####.....##...
#.#........##..# #...........
###........##..# ##.##....##.
##....########'####...........
####...###...###...##....#.#.....


You could see a yak.

Vanquished Creatures
  A shadow (D:5)
  3 yaks
  2 ice beasts (D:5)
  A sky beast (D:5)
  2 ogres (D:5)
  A kobold brigand (Sewer)
  2 scorpions
  A jelly (D:4)
  2 orc priests
  An iguana (D:6)
  2 orc wizards
  A howler monkey zombie (D:5)
  Robin (D:2)
  3 gnolls (D:6)
  2 adders
  3 river rats
  A worm (D:2)
  6 dart slugs
  23 orcs
  9 ball pythons
  5 bats
  5 endoplasms
  5 giant cockroaches
  15 goblins
  11 hobgoblins
  4 jackals
  4 quokkas
  7 kobolds
  9 rats
132 creatures vanquished.

Vanquished Creatures (others)
  A howler monkey (D:5)
  2 fulminant prisms
3 creatures vanquished.

Grand Total: 135 creatures vanquished

Notes
Turn   | Place    | Note
-------+----------+-------------------------------------------
     0 | D:1      | shadowrider38 the Deep Elf Conjurer began the quest for the
                  | Orb.
     0 | D:1      | Reached XP level 1. HP: 10/10 MP: 6/6
   275 | D:1      | Found Huocza Iqui's Antique Weapon Shoppe.
   360 | D:1      | Reached XP level 2. HP: 15/15 MP: 2/8
  1189 | D:2      | Reached XP level 3. HP: 19/19 MP: 7/10
  1201 | D:2      | Noticed Robin
  1202 | D:2      | Reached skill level 5 in Conjurations
  1518 | D:2      | Learned a level 1 spell: Magic Dart
  1684 | D:2      | Killed Robin
  2509 | D:3      | Found a glowing drain.
  2518 | D:2      | Reached XP level 4. HP: 19/24 MP: 10/12
  2689 | D:2      | Reached skill level 5 in Spellcasting
  2858 | D:2      | Learned a level 4 spell: Iskenderun's Mystic Blast
  3120 | Sewer    | Entered a sewer
  3133 | Sewer    | Reached XP level 5. HP: 6/28 MP: 2/14
  3137 | Sewer    | HP: 1/28 [river rat (6)]
  3683 | Sewer    | Found a white marble altar of Elyvilon.
  3800 | D:3      | Learned a level 4 spell: Fulminant Prism
  4061 | D:3      | Found a bloodstained altar of Trog.
  4609 | D:4      | Reached XP level 6. HP: 32/32 MP: 12/17
  4724 | D:4      | Learned a level 2 spell: Slow
  5398 | D:5      | Entered Level 5 of the Dungeon
  5853 | D:5      | Noticed a shadow
  6173 | D:5      | Reached XP level 7. HP: 36/36 MP: 10/20
  6216 | D:5      | Found a shimmering altar of Xom.
  6363 | D:5      | Found a staircase to the Ecumenical Temple.
  6372 | Temple   | Entered the Ecumenical Temple
  6630 | Temple   | Became a worshipper of Vehumet
  7241 | D:5      | Learned a level 3 spell: Vampiric Draining
  7315 | D:4      | Identified 2 scrolls of acquirement
  7315 | D:4      | Acquired a book of the Earth
  7323 | D:4      | Learned a level 5 spell: Bolt of Magma
  7323 | D:4      | Acquired the ring "Aggushrae" {rC+ rN+ Will+ Str+6}
  7403 | D:5      | Killed a shadow
  7571 | D:5      | Reached XP level 8. HP: 16/41 MP: 12/22
  8124 | D:6      | Learned a level 3 spell: Stone Arrow
  8162 | D:6      | Reached skill level 5 in Earth Magic
  8505 | D:5      | Mangled by a yak

Illustrated notes

Levels and vault maps discovered:
D:1:      dpeg_arrival_simpleton_c, layout_basic, serial_shops,
          nicolae_shop_behind_doors
D:2:      layout_basic, nrook_campfire, hangedman_glass_garden,
          minmay_misc_feat_secret_circle, uniq_robin
D:3:      layout_loops_ring, trog_hazing_becter, portal_sewer_entry_a
D:4:      layout_basic, serial_glass, glass_columns_b, glass_columns_a,
          feat_on_display, due_unseen_surprise, glass_columns_a
D:5:      layout_cave_pools, xom_confusion_cloud, nicolae_zen_rock_garden,
          grunt_decor_resistance, minivault_1, serial_park_tiny_pond
D:6:      layout_loops_ring, nicolae_gozag_zags_fifth_avenue
Temple:   minmay_temple_curvy_branch

Skill      XL: |  1  2  3  4  5  6  7  8 |
---------------+-------------------------+-----
Spellcasting   | 4 5 6 7 8 |  8.8
Conjurations   | 5 6 7 8 |  8.2
Earth Magic    | 2 6 |  6.7
Dodging        | |  2.4
Stealth        | |  2.4

Action                   |  1- 3 |  4- 6 |  7- 9 || total
-------------------------+-------+-------+-------++-------
Melee: Hand axe          |     8 |       |       ||     8
       Dagger            |       |     2 |       ||     2
 Cast: Magic Dart        |    89 |   173 |    83 ||   345
       Iskenderun's Myst |       |    12 |    22 ||    34
       Slow              |       |     1 |     2 ||     3
       Fulminant Prism   |       |     1 |     1 ||     2
       Bolt of Magma     |       |       |     2 ||     2
       Stone Arrow       |       |       |     8 ||     8
  Use: Scroll            |     4 |       |     5 ||     9
       Potion            |       |     2 |       ||     2
Armor: Robe              |     4 |    10 |    11 ||    25
Dodge: Dodged            |    11 |    37 |    29 ||    77
